 Dungeon Crawl Stone Soup version 0.18-a0-373-gaf408bd (webtiles) character file.

17406 Duffy the Cleaver (level 12, -1/94 HPs)
             Began as a Vine Stalker Fighter on Nov 30, 2015.
             Was the Champion of Cheibriados.
             Slain by Rupert
             ... wielding a +1 great mace of crushing
              (3 damage)
             ... on level 12 of the Dungeon.
             The game lasted 00:19:23 (9515 turns).

Duffy the Cleaver (Vine Stalker Fighter)            Turns: 9515, Time: 00:19:24

Health: -1/94      AC: 26    Str: 39    XL:     12   Next: 47%
Magic:  0/19       EV:  2    Int: 23    God:    Cheibriados [******]
Gold:   665        SH:  0    Dex: 29    Spells: 0 memorised, 11 levels left

rFire  . . .     SeeInvis .     H - +2 battleaxe (freeze) (curse)
rCold  . . .     Clarity  .     (armour currently unavailable)
rNeg   + + +     SustAt   .     (shield currently unavailable)
rPois  +         Gourm    .     (helmet currently unavailable)
rElec  .         Spirit   +     (cloak currently unavailable)
rCorr  .         Warding  .     (gloves currently unavailable)
rMut   .         NoTele   +     (boots currently unavailable)
MR     +....                    (no amulet)
Stlth  ++........               K - ring of invisibility
                                b - ring of wizardry (curse)

@: tree-form, very slow, somewhat resistant to hostile enchantments, unstealthy
A: (fangs 0), regeneration 3, magic shield, (antimagic bite), no device heal 3,
rot immunity
a: Bend Time, Temporal Distortion, Slouch, Step From Time, Renounce Religion,
Evoke Invisibility


You were on level 12 of the Dungeon.
You worshipped Cheibriados.
Cheibriados was exalted by your worship.
You were not hungry.
You were a tree.
You visited 2 branches of the dungeon, and saw 13 of its levels.
You also visited: Ossuary.

You collected 697 gold pieces.
You spent 32 gold pieces at shops.


Innate Abilities, Weirdness & Mutations

((You have razor-sharp teeth.))
You regenerate.
When hurt, damage is shared between your health and your magic reserves.
((Your bite disrupts and absorbs the magic of your enemies.))
Potions and wands cannot restore your health.
You are immune to rotting.


   Skills:
 + Level 7.5 Fighting
 * Level 13.5 Axes
 + Level 5.2 Armour
 + Level 4.2 Dodging
   Level 2.6 Shields
 - Level 8.0 Invocations


You had 11 spell levels left.
You didn't know any spells.

Inventory:

Hand Weapons
 a - a +1 war axe
 h - a +0 blowgun
 u - a +0 flail of venom
 C - a +0 dire flail
 H - a cursed +2 battleaxe of freezing (weapon)
Missiles
 r - 49 poisoned needles
Armour
 f - a +1 helmet (melded)
 q - a +0 cloak (melded)
 s - a +2 pair of boots (melded)
 P - a +0 plate armour (melded)
Jewellery
 b - a cursed ring of wizardry (left branch)
 c - an uncursed ring of positive energy {unknown}
 K - a ring of invisibility (right branch)
 R - a +3 ring of evasion
 W - a +4 ring of protection {unknown}
Wands
 E - a wand of confusion (22)
 N - a wand of polymorph (16)
 O - a wand of magic darts (21)
Scrolls
 g - 7 scrolls of teleportation
 i - 2 scrolls of magic mapping
 l - a scroll of holy word {unknown}
 o - 2 scrolls of fear
 p - 2 scrolls of immolation
 t - a scroll of brand weapon {unknown}
 x - 6 scrolls of remove curse
 y - 2 scrolls of blinking
 B - a scroll of recharging {unknown}
 F - a scroll of fog
 G - a scroll of random uselessness {unknown}
 M - 2 scrolls of enchant weapon
Potions
 d - 2 potions of might
 j - 3 potions of flight
 k - 3 potions of haste
 m - a potion of cure mutation
 n - 6 potions of curing
 v - 5 potions of brilliance
 w - 2 potions of agility
 z - a potion of lignification
 A - 4 potions of magic
 J - a potion of cancellation
 L - a potion of ambrosia
 Q - a potion of poison {unknown}
 S - a potion of invisibility {unknown}
Comestibles
 e - 15 bread rations
 D - 2 beef jerkies
 I - 6 meat rations
 T - a royal jelly
 U - a chunk of flesh

Dungeon Overview and Level Annotations

Branches:
Dungeon (12/15)            Temple (1/1) D:6             Orc (0/4) D:10
   Lair: D:8-11

Altars:
Ashenzari
Cheibriados
Dithmenos
Elyvilon
Fedhas
Gozag
Kikubaaqudgha
Makhleb
Nemelex Xobeh
Okawaru
Qazlal
Ru
Sif Muna
Trog
Vehumet
Xom
Yredelemnul
Zin
The Shining One

Shops:
D:4 =   D:8 =   D:10 *

Annotations:
D:12 Rupert
Abyss:1 Blork the orc


Message History

Rupert hits you with a great mace of crushing!
You barely miss Rupert.
Rupert is moderately wounded.
Rupert hits you but does no damage.
You slash Rupert! You freeze Rupert.
Rupert is moderately wounded.
Rupert hits you with a great mace of crushing!
Rupert hits you with a great mace of crushing!!
You are too injured to fight recklessly!
You are too injured to fight recklessly!
You are too injured to fight recklessly!
You are too injured to fight recklessly!
You are too injured to fight recklessly!
You are too injured to fight recklessly!
You are too injured to fight recklessly!
You are too injured to fight recklessly!
You are too injured to fight recklessly!
You are too injured to fight recklessly!
You are too injured to fight recklessly!
You are too injured to fight recklessly!
You are too injured to fight recklessly!
You are too injured to fight recklessly!
You are too injured to fight recklessly!
You are too injured to fight recklessly!
You are too injured to fight recklessly!
You hit Rupert. You freeze Rupert.
Rupert is moderately wounded.
Rupert hits you with a great mace of crushing.
You slash Rupert! You freeze Rupert.
Rupert is moderately wounded.
Rupert hits you with a great mace of crushing!
You hit Rupert but do no damage.
Rupert is moderately wounded.
Rupert hits you with a great mace of crushing!
You die...

##...#...# #..#
##...#...# #..#
##...#...# #%(# #
##...#...# #..# .#
.....#...###..# .#
...).#........####.#
.....#.............#
.#...#....?........###.#
.#...#...##.....7...?..#
.#...#...##..####@.##...
.#...#...##..# ..#
.#...#...##..# ..#
.#...#... #..# ..#
.#...# #. ..# .#...# ..#
.# ..# .#


You could see Rupert (berserk).

Action                   |  1- 3 |  4- 6 |  7- 9 | 10-12 || total
-------------------------+-------+-------+-------+-------++-------
Melee: War axe           |   105 |   143 |   270 |   372 ||   890
       Flail             |       |     2 |     7 |   154 ||   163
       Battleaxe         |       |       |       |    83 ||    83
Evoke: Wand              |       |       |       |     1 ||     1
  Use: Scroll            |       |       |    12 |    11 ||    23
       Potion            |       |       |       |     1 ||     1
 Stab: Distracted        |       |       |       |     1 ||     1
  Eat: Chunk             |       |     5 |     7 |    13 ||    25
       Pizza             |       |       |     1 |       ||     1
       Royal jelly       |       |       |       |     2 ||     2

Notes
Turn   | Place    | Note
--------------------------------------------------------------
     0 | D:1      | Duffy the Vine Stalker Fighter began the quest for the Orb.
     0 | D:1      | Reached XP level 1. HP: 11/11 MP: 2/2
    51 | D:1      | Reached skill level 2 in Axes
   198 | D:1      | Reached XP level 2. HP: 16/16 MP: 3/3
   615 | D:1      | Reached skill level 3 in Axes
   639 | D:2      | Reached XP level 3. HP: 13/19 MP: 1/4
   902 | D:2      | Reached XP level 4. HP: 19/23 MP: 5/5
  1227 | D:2      | Reached skill level 4 in Axes
  1831 | D:3      | Found a radiant altar of Vehumet.
  1838 | D:3      | Reached XP level 5. HP: 24/27 MP: 4/6
  1978 | D:3      | Reached skill level 5 in Axes
  2133 | D:2      | Gained mutation: You heal very quickly. [Vine Stalker growth]
  2133 | D:2      | Reached XP level 6. HP: 28/32 MP: 4/7
  2354 | D:3      | Noticed a hungry ghost
  2425 | D:4      | Found Neakhylu's Jewellery Shop.
  2451 | D:4      | Reached skill level 6 in Axes
  2513 | D:4      | Reached XP level 7. HP: 25/35 MP: 5/8
  2524 | D:4      | Reached skill level 7 in Axes
  2606 | D:4      | Found a sand-covered staircase.
  2613 | Ossuary  | Entered an ossuary
  2902 | D:4      | Noticed Crazy Yiuf
  2910 | D:4      | Killed Crazy Yiuf
  2910 | D:4      | Reached skill level 8 in Axes
  2965 | D:4      | Gained mutation: You have razor-sharp teeth. [Vine Stalker growth]
  2965 | D:4      | Reached XP level 8. HP: 8/39 MP: 1/9
  3060 | D:4      | Noticed asdu's ghost (amateur HuAE)
  3074 | D:5      | Entered Level 5 of the Dungeon
  3277 | D:5      | Noticed Edmund
  3292 | D:5      | Killed Edmund
  3292 | D:5      | Reached skill level 3 in Fighting
  3321 | D:5      | Noticed Blork the orc
  3415 | D:6      | Reached skill level 4 in Fighting
  3417 | D:6      | Reached skill level 9 in Axes
  3526 | D:6      | Reached skill level 5 in Fighting
  3631 | D:6      | Reached XP level 9. HP: 43/47 MP: 10/10
  3724 | D:6      | Found a staircase to the Ecumenical Temple.
  3804 | Temple   | Entered the Ecumenical Temple
  3812 | Temple   | Became a worshipper of Cheibriados the Contemplative
  4047 | D:7      | Reached skill level 1 in Dodging
  4216 | D:7      | Reached skill level 10 in Axes
  4235 | D:7      | Reached skill level 6 in Fighting
  4285 | D:7      | Noticed Joseph
  4292 | D:7      | Reached skill level 3 in Armour
  4315 | D:7      | Killed Joseph
  4315 | D:7      | Reached skill level 2 in Dodging
  4547 | D:7      | Found an ancient bone altar of Kikubaaqudgha.
  4549 | D:7      | Found a blossoming altar of Fedhas.
  4551 | D:7      | Found a basalt altar of Yredelemnul.
  4552 | D:7      | Found an iron altar of Okawaru.
  4553 | D:7      | Found a shimmering altar of Xom.
  4559 | D:7      | Reached * piety under Cheibriados
  4796 | D:7      | Found a bloodstained altar of Trog.
  5018 | D:7      | Reached XP level 10. HP: 50/53 MP: 9/11
  5334 | D:8      | Noticed a queen ant
  5350 | D:8      | Reached ** piety under Cheibriados
  5350 | D:8      | Reached skill level 4 in Armour
  5360 | D:8      | Reached skill level 3 in Dodging
  5431 | D:8      | Killed a queen ant
  5431 | D:8      | Reached skill level 7 in Fighting
  5431 | D:8      | Reached skill level 11 in Axes
  5477 | D:8      | Reached *** piety under Cheibriados
  5562 | D:8      | Reached skill level 4 in Dodging
  5568 | D:8      | Reached skill level 5 in Armour
  5619 | D:8      | Reached XP level 11. HP: 50/58 MP: 12/12
  5775 | D:8      | Found Veonil's Jewellery Boutique.
  5866 | D:8      | Reached **** piety under Cheibriados
  6251 | D:9      | Reached skill level 1 in Invocations
  6295 | D:9      | Reached skill level 2 in Invocations
  6394 | D:9      | Reached skill level 12 in Axes
  6586 | D:9      | Reached skill level 3 in Invocations
  6672 | D:9      | Reached ***** piety under Cheibriados
  6885 | D:5      | Banished Blork the orc
  7298 | D:4      | Killed asdu's ghost
  7444 | D:4      | Found a burning altar of Makhleb.
  7446 | D:4      | Found a glowing silver altar of Zin.
  7446 | D:4      | Noticed an angel
  7446 | D:4      | Noticed an Executioner
  7608 | D:3      | Reached skill level 4 in Invocations
  7663 | D:3      | Found an opulent altar of Gozag.
  7664 | D:3      | Found a sparkling altar of Nemelex Xobeh.
  7957 | D:10     | Entered Level 10 of the Dungeon
  7984 | D:10     | Found a staircase to the Orcish Mines.
  8101 | D:10     | Reached ****** piety under Cheibriados
  8175 | D:10     | Noticed a hill giant
  8178 | D:10     | Killed a hill giant
  8178 | D:10     | Reached skill level 5 in Invocations
  8265 | D:10     | Found Buta's General Store.
  8271 | D:10     | Bought a scroll of fog for 32 gold pieces
  8547 | D:10     | Reached skill level 6 in Invocations
  8784 | D:11     | Gained mutation: You regenerate. [Vine Stalker growth]
  8784 | D:11     | Reached XP level 12. HP: 55/63 MP: 17/17
  8853 | D:11     | Reached skill level 13 in Axes
  9017 | D:12     | Reached skill level 7 in Invocations
  9438 | D:12     | Reached skill level 8 in Invocations
  9503 | D:12     | Noticed Rupert
  9515 | D:12     | Slain by Rupert

Vault maps used:
D:1:      dpeg_arrival_connections
D:2:      wad_river_or_something
D:3:      grunt_temple_overflow_opulence, overflow_temple_1_default, first_bread
D:4:      grunt_temple_overflow_order_and_chaos_2, serial_shops, shop,
          chequers_ossuary_entry_cave, uniq_crazy_yiuf_cottage
D:5:      uniq_blork_the_orc, uniq_edmund
D:6:      temple_pool_b
D:7:      minitemple, the_bakery, uniq_joseph
D:8:      serial_shops, nicolae_shop_waterfront, zaba_anthell
D:10:     zombieorc2_lemuel, serial_shops, shop
D:11:     erik_lair_island, minmay_evil_grid
D:12:     kennysheep_generic_room_6, uniq_rupert
Temple:   nicolae_temple_no_exploring_needed
Ossuary:  ossuary_minmay_tomb_2a

Vanquished Creatures
  A queen ant
  2 hill giants
  3 ugly things Joseph
  A cyclops
  A two-headed ogre
  A troll
  A trapdoor spider zombie
  A spriggan
  A wraith
  A hill giant zombie
  2 deep elf magi
  2 wyverns
  14 yaks
  5 hungry ghosts
  A mottled dragon
  2 wolves Edmund
  2 hippogriffs
  15 soldier ants
  2 sky beasts
  4 phantoms
  3 orc warriors
  2 black bears
  3 ice beasts
  9 ogres
  6 centaurs
  3 necrophages
  The ghost of asdu the Gusty, an amateur HuAE of Makhleb
  10 giant frogs
  A big kobold
  An elf zombie
  4 killer bees
  6 scorpions
  2 troll zombies
  11 wights
  2 giant frog zombies
  6 crimson imps
  8 hounds
  2 giant frog skeletons Crazy Yiuf
  10 orc wizards
  7 jellies
  6 orc priests
  3 iguanas
  37 worker ants
  2 big kobold zombies
  5 ogre zombies
  2 hound zombies
  4 mummies
  A hound skeleton
  2 worker ant zombies
  3 gnolls
  16 adders
  3 shadow imps
  2 oozes
  An adder skeleton
  An adder zombie
  3 worms
  6 giant geckos
  32 orcs
  A ball python
  5 bats
  6 giant cockroaches
  6 goblins
  12 hobgoblins
  12 jackals
  6 kobolds
  4 quokkas
  3 giant gecko skeletons
  5 giant newts
  4 gnoll zombies
  2 goblin skeletons
  2 goblin zombies
  3 hobgoblin skeletons
  A hobgoblin zombie
  2 jackal skeletons
  2 kobold zombies
  3 orc skeletons
  14 orc zombies
  10 rats
394 creatures vanquished.
